 Dungeon Crawl Stone Soup version 0.28-a0-779-g3d1f99b579 (webtiles) character file.

Game seed: 16848068259479937096

2 flotson the Sneak (level 1, -1/10 HPs)
             Began as a Felid Delver on Nov 2, 2021.
             Slain by an orc (7 damage)
             ... on level 4 of the Dungeon.
             The game lasted 00:00:34 (162 turns).

flotson the Sneak (Felid Delver)                     Turns: 162, Time: 00:00:35

Health: -1/10      AC:  1    Str:  8    XL:     1   Next: 33%
Magic:  2/2        EV: 17    Int: 11    God:
Gold:   39         SH:  0    Dex: 17    Spells: 0/0 levels left
                                        Lives:  0   Deaths: 0

rFire   . . .      SeeInvis +     - Unarmed
rCold   . . .      Faith    .   (shield unavailable)
rNeg    . . .      Spirit   .   (armour unavailable)
rPois   .          Reflect  .   (helmet unavailable)
rElec   .          Harm     .   (cloak unavailable)
rCorr   .          Rampage  .   (gloves unavailable)
Will    .....                   (boots unavailable)
Stlth   ++++......              (no amulet)
HPRegen 0.03/turn               (no ring)
MPRegen 0.08/turn               (no ring)

@: quick
A: very small, claws 1, fangs 3, see invisible, speed 1, shaggy fur 1, stealthy
paws, no weapons or thrown items, no armour, multi-lived
a: no special abilities


You were on level 4 of the Dungeon.
You visited 1 branch of the dungeon, and saw 2 of its levels.

You collected 39 gold pieces.

Inventory:

Wands
 e - a wand of digging (3)
Scrolls
 a - a scroll of fog
 b - a scroll of magic mapping
 c - a scroll of fear
 h - a scroll of enchant armour {unknown}
Potions
 d - a potion of haste
 f - a potion of attraction {unknown}
 g - a potion of might {unknown}


   Skills:
 + Level 3.0 Fighting
 + Level 2.7 Dodging
 + Level 6.7 Stealth
 + Level 2.0 Unarmed Combat


You couldn't memorise any spells.
You didn't know any spells.
Your spell library was empty.

Dungeon Overview and Level Annotations

Branches:
Dungeon (5/15)
 Temple: D:4-7

Altars:


Innate Abilities, Weirdness & Mutations

You have sharp claws.
You have razor-sharp teeth.
You have supernaturally acute eyesight. (SInv)
You cover ground quickly. (Speed+)
You are covered in fur. (AC +1)
Your paws help you pounce on unaware monsters.
You are incapable of wielding weapons or throwing items.
You cannot wear armour.
You gain extra lives every three experience levels.


Message History

The dart slug is almost dead.
You scratch the dart slug.
You kill the dart slug!
No target in view!
You see here a +0 quarterstaff.
g - a bubbling brown potion
Found a stone staircase leading up.
(D) Dungeon
Where to? (? - help)
There is a stone staircase leading up here.
You climb upwards.
Found a scroll labelled XIOCES ZAOKITO.
There is a stone staircase leading down here.
h - a scroll labelled XIOCES ZAOKITO
Found a flail.
An orc comes into view. It is wielding a +0 hand axe.
An orc comes into view. It is wielding a +0 falchion.
You scratch the orc. Your bite misses the orc.
The orc is heavily wounded.
The orc hits you with a +0 falchion.
You scratch the orc but do no damage.
The orc is moderately wounded.
The orc misses you.
You scratch the orc.
The orc is heavily wounded.
The orc hits you with a +0 falchion.
You scratch the orc but do no damage.
The orc is heavily wounded.
The orc misses you.
You scratch the orc.
The orc is severely wounded.
The orc barely misses you.
You closely miss the orc.
The orc is severely wounded.
The orc closely misses you.
You scratch the orc but do no damage.
The orc is severely wounded.
The orc hits you with a +0 falchion!
Ouch! That really hurt!
You die...

#####.###########.###
#.......................
#>......................
#####.####.##.......... #.#
#.##.........
#.#####.####.##.......###.
...........#.##...........
...........#.##...........
.............@o.....##.
...........#.######..#
...........................
..#.#........#######.#.##..
............... .. .o
##.#.).#..#.### ... ..o
#+#......#.# ...o ..
.......#.# ..... . ......


You could see an orc.

Vanquished Creatures
  A dart slug (D:5)
1 creature vanquished.

Notes
Turn   | Place    | Note
-------+----------+-------------------------------------------
     0 | D:5      | flotson the Felid Delver began the quest for the Orb.
     0 | D:5      | Reached XP level 1. HP: 10/10 MP: 2/2
   162 | D:4      | Slain by an orc

Illustrated notes

Levels and vault maps discovered:
D:4:      layout_basic
D:5:      layout_loops_cross, serial_co_window_serial,
          co_window_of_opportunity_a, co_window_corner_a, co_window_corner_a,
          co_window_corner_a, co_window_paths_a, co_window_of_opportunity_a,
          co_window_paths_a, co_window_corner_a, co_window_of_opportunity_a,
          co_window_of_opportunity_c, co_window_2corner,
          co_window_unsneaky_path_e, co_window_2corner,
          co_window_unsneaky_path_d, co_window_of_opportunity_b,
          co_window_paths_e, glass_columns_a, glass_columns_a, glass_columns_b,
          glass_columns_b, glass_columns_b

Action                   || total
-------------------------++-------
Melee: Unarmed           ||    13
       Bite              ||     1
Dodge: Dodged            ||     8

Table legend: (Time is in decaauts)
 A = Elapsed time spent in this place.
 B = Non-inter-level travel time spent in this place.
 C = Inter-level travel time spent in this place.
 D = Time resting spent in this place.
 E = Time spent auto-exploring this place.
 F = Levels seen in this place.
 G = Mean time per level.
                   A        B        C        D        E       F      G
               +--------+--------+--------+--------+--------+-----+--------+
         Total |    134 |    127 |      7 |      0 |     76 |   2 |   67.0 |
       Dungeon |    134 |    127 |      7 |      0 |     76 |   2 |   67.0 |
               +--------+--------+--------+--------+--------+-----+--------+

Top non-repeatable levels by time:
     D:5: 98 daAuts
     D:4: 36 daAuts
